[Event "GEO-AZE Women Match 2024"]
[Site "Tbilisi"]
[Date "2024.02.28"]
[Round "2.5"]
[White "Khotenashvili, Bella"]
[Black "Balajayeva, Khanim"]
[Result "1/2-1/2"]
[ECO "A28"]
[WhiteElo "2467"]
[BlackElo "2350"]
[Annotator "TA"]
[PlyCount "84"]
[EventDate "2024.02.26"]
[EventType "team-tourn"]
[EventCountry "GEO"]
[SourceTitle "playchess.com"]
[Source "ChessBase"]
[SourceQuality "1"]
[WhiteTeam "Georgia"]
[BlackTeam "Azerbaijan"]
[WhiteTeamCountry "GEO"]
[BlackTeamCountry "AZE"]
[TimeControl "40/5400+30:1800+30"]

1. c4 Nf6 2. Nc3 e5 3. Nf3 Nc6 4. e4 Bb4 5. d3 d6 6. a3 Bc5 7. b4 Bb6 8. Na4 Bd4 9. Nxd4 Nxd4 10. Be2 O-O 11. O-O c6 12. Nc3 a5 13. Rb1 axb4 14. axb4 h6 15. f4 exf4 16. Rxf4 Ne6 (16... Nxe2+ $11 17. Nxe2 Ng4) 17. Rf2 $14 d5 18. cxd5 cxd5 19. e5 Nd7 20. d4 (20. Nxd5 Nxe5 21. Ne3 Nd4 $15) 20... Nb6 21. Qd3 Qh4 22. Be3 Nc4 23. Nxd5 (23. g3 $5 Qd8 $8 24. h4 $11) 23... Nxe3 (23... b5 $1 $14) 24. Qxe3 $16 {[%emt 0:00:03] Threatens to win with Nb6.} Nxd4 25. Bd3 Ne6 {[%emt 0:02:47] Prevents Rf4.} 26. Rbf1 Qd8 $2 {[%emt 0:10:50] [#]} (26... Bd7 $16 {might work better.}) 27. Rd2 $1 $18 {[%emt 0:05:04] Bb1 is the strong threat.} Kh8 {[%emt 0:02:10] [#]} (27... Qxd5 28. Bh7+ Kxh7 29. Rxd5 $18) (27... Qh4 28. g3) 28. Rf6 $3 {[%emt 0:02:01][%cal Of6h6][%mdl 512] White wants to mate with Rxh6+!} Ng5 ({And not} 28... gxf6 29. Qxh6+ Kg8 30. Qh7#) ({Worse is} 28... Qxd5 29. Rxh6+ Kg8 30. Rh8+ (30. Bh7+ Kh8 31. Bf5+ Kg8) 30... Kxh8 31. Qh3+ Kg8 32. Qh7#) 29. Rd6 Ra1+ 30. Kf2 Qe8 31. h4 Ne6 {[%emt 0:00:08] [#]} 32. Nf6 $2 Qa4 $16 {[%emt 0:00:57] [#]} 33. Qe4 g6 (33... Qa7+ 34. Kg3) 34. Bc2 Qa7+ 35. Kg3 Rf1 36. Nd5 {[%emt 0:00:24] The position is equal.} Ng7 {[%emt 0:00:56] ( -> ...Nh5+)} 37. Qe3 {[%emt 0:00:19] Active counter play!} Nh5+ 38. Kh2 {[%emt 0:00:01] The board is on fire.} Qxe3 39. Nxe3 Re1 $1 40. Rd8 Kg7 41. Rxf8 Kxf8 42. Rd8+ Kg7 {[%emt 0:19:28] Blacks defense is rewarded with a draw.   Weighted Error Value: White=0.16 (very precise) /Black=0.16 (very precise) .  Missed win:     	White=1     	---        Mistake:       	---       	Black=3      Inaccurate:     	White=1     	Black=2      OK:         	White=17    	Black=17     Best:        	White=4     	Black=2      Strong:       	---       	Black=1      Brilliant:      	White=1     	---} 1/2-1/2

[Event "GEO-AZE Women Match 2024"]
[Site "Tbilisi"]
[Date "2024.02.29"]
[Round "3.1"]
[White "Mammadzada, Gunay"]
[Black "Batsiashvili, Nino"]
[Result "1/2-1/2"]
[ECO "D33"]
[WhiteElo "2449"]
[BlackElo "2451"]
[Annotator "TA"]
[PlyCount "34"]
[EventDate "2024.02.26"]
[EventType "team-tourn"]
[EventCountry "GEO"]
[SourceTitle "playchess.com"]
[Source "ChessBase"]
[SourceQuality "1"]
[WhiteTeam "Azerbaijan"]
[BlackTeam "Georgia"]
[WhiteTeamCountry "AZE"]
[BlackTeamCountry "GEO"]
[TimeControl "40/5400+30:1800+30"]

1. Nf3 Nf6 2. c4 c5 3. Nc3 e6 4. g3 d5 5. cxd5 exd5 6. d4 Nc6 7. Bg2 cxd4 8. Nxd4 Bc5 9. Nb3 Bb6 10. O-O d4 11. Na4 O-O 12. Bg5 h6 13. Bxf6 Qxf6 14. Nxb6 axb6 15. Bxc6 bxc6 16. Qxd4 Rd8 17. Qxf6 gxf6 {[%emt 0:02:22] Weighted Error Value: White=0.04 (flawless) /Black=0.08 (flawless) .  Inaccurate:     	---       	Black=1      OK:         	White=5     	Black=2} 1/2-1/2

[Event "GEO-AZE Women Match 2024"]
[Site "Tbilisi"]
[Date "2024.02.29"]
[Round "3.2"]
[White "Fataliyeva, Ulviyya"]
[Black "Javakhishvili, Lela"]
[Result "1-0"]
[ECO "D02"]
[WhiteElo "2384"]
[BlackElo "2433"]
[Annotator "RC"]
[PlyCount "119"]
[EventDate "2024.02.26"]
[EventType "team-tourn"]
[EventCountry "GEO"]
[SourceTitle "playchess.com"]
[Source "ChessBase"]
[SourceQuality "1"]
[WhiteTeam "Azerbaijan"]
[BlackTeam "Georgia"]
[WhiteTeamCountry "AZE"]
[BlackTeamCountry "GEO"]
[TimeControl "40/5400+30:1800+30"]

1. d4 Nf6 2. Nf3 e6 3. Bf4 d5 4. Nbd2 c5 5. e3 Nc6 6. c3 cxd4 7. exd4 Nh5 8. Be3 Bd6 9. Ne5 Nf6 10. Ndf3 Nd7 11. Nxd7 Bxd7 12. Bd3 O-O 13. O-O a6 14. a4 Rc8 15. Re1 Re8 16. Ng5 g6 17. Qf3 Qe7 18. Bf4 Bxf4 19. Qxf4 f6 20. Nf3 e5 21. dxe5 fxe5 22. Qg3 e4 23. Bb1 Qf6 24. Nd2 Kg7 25. Ba2 Ne7 26. Nf1 Nf5 27. Qf4 g5 28. Qg4 Be6 29. Ng3 Kh8 30. Bxd5 Ne3 31. Nxe4 Qg6 32. Qxg5 Nxd5 33. Qxg6 hxg6 34. Nd6 Nc7 35. Rad1 Kg7 36. Nxc8 Rxc8 37. Rd6 Kf7 38. Re5 Ke7 39. Rb6 Rb8 40. c4 Kf6 41. f4 Kf7 42. Rc5 Na8 43. Rb3 Ke7 44. a5 Kd6 45. Rg5 Bf7 46. Rd3+ Ke7 47. Re5+ Be6 48. Rc5 Rf8 49. Rb3 Rxf4 50. Rxb7+ Kd6 51. Rg5 Bf5 52. b3 Nc7 53. Rb6+ Kd7 54. Rg3 Rd4 55. h3 Rd1+ 56. Kh2 Rd2 57. Re3 Rc2 58. Kg1 Be6 59. Rb7 Bf7 60. Rxc7+ 1-0

[Event "GEO-AZE Women Match 2024"]
[Site "Tbilisi"]
[Date "2024.02.29"]
[Round "3.3"]
[White "Beydullayeva, Govhar"]
[Black "Melia, Salome"]
[Result "1/2-1/2"]
[ECO "D36"]
[WhiteElo "2374"]
[BlackElo "2355"]
[Annotator "TA"]
[PlyCount "53"]
[EventDate "2024.02.26"]
[EventType "team-tourn"]
[EventCountry "GEO"]
[SourceTitle "playchess.com"]
[Source "ChessBase"]
[SourceQuality "1"]
[WhiteTeam "Azerbaijan"]
[BlackTeam "Georgia"]
[WhiteTeamCountry "AZE"]
[BlackTeamCountry "GEO"]
[TimeControl "40/5400+30:1800+30"]

1. d4 Nf6 2. c4 e6 3. Nf3 d5 4. Nc3 Nbd7 5. cxd5 exd5 6. Qc2 c6 7. Bg5 h6 8. Bh4 Be7 9. e3 O-O 10. Bd3 Re8 11. O-O Ne4 12. Bxe7 Qxe7 13. Rab1 Ndf6 {[%emt 0:03:12][%cal Bd7f6,Bf6h7,Bh7g5,Bg5e4][%mdl 32] Die Stellung ist ausgeglichen.} 14. h3 Bf5 15. Ne2 Bh7 16. Rbc1 Nd6 17. Bxh7+ Nxh7 18. Nf4 Ng5 19. Ne5 Nge4 20. Rfe1 Nf5 21. a3 a5 22. Nfd3 h5 23. Nc5 Nfd6 24. a4 Nxc5 25. Qxc5 h4 26. b3 g6 27. Qc2 {[%emt 0:08:25] Nicht viel passiert in dieser Partie.   Gewichteter Fehlerwert: Weiß=0.04 (makellos) /Schwarz=0.02 (makellos) .  OK:         	Weiß=5     	Schwarz=4} 1/2-1/2

[Event "GEO-AZE Women Match 2024"]
[Site "Tbilisi"]
[Date "2024.02.29"]
[Round "3.4"]
[White "Mammadova, Gulnar"]
[Black "Khotenashvili, Bella"]
[Result "1/2-1/2"]
[ECO "B12"]
[WhiteElo "2351"]
[BlackElo "2467"]
[Annotator "TA"]
[PlyCount "55"]
[EventDate "2024.02.26"]
[EventType "team-tourn"]
[EventCountry "GEO"]
[SourceTitle "playchess.com"]
[Source "ChessBase"]
[SourceQuality "1"]
[WhiteTeam "Azerbaijan"]
[BlackTeam "Georgia"]
[WhiteTeamCountry "AZE"]
[BlackTeamCountry "GEO"]
[TimeControl "40/5400+30:1800+30"]

1. e4 c6 2. d4 d5 3. e5 Bf5 4. Nf3 e6 5. Be2 Nd7 6. O-O h5 7. a4 Nh6 8. c3 a5 9. Na3 {[%emt 0:02:39] White is slightly better.} Be7 10. Nc2 Bxc2 11. Qxc2 Nf5 12. Bd3 g6 13. Be3 h4 14. h3 Kf8 15. Qd2 Kg7 16. b4 Nb6 17. bxa5 Rxa5 18. Rfb1 Nxe3 {[%emt 0:17:16] The position is equal.} 19. fxe3 Qc7 $1 20. Qb2 Rxa4 21. Rxa4 (21. Qxb6 $2 {too greedy.} Qxb6 22. Rxa4 Qc7 $19) 21... Nxa4 22. Qxb7 Qxb7 23. Rxb7 Re8 24. c4 dxc4 25. Bxc4 Nc3 26. Rb3 Nd5 27. e4 Nb4 28. Rb2 {[%emt 0:04:39] Weighted Error Value: White=0.12 (very precise) /Black=0.06 (flawless) .  Inaccurate:     	White=4     	Black=2      OK:         	White=5     	Black=7      Best:        	---       	Black=3      Strong:       	---       	Black=1} 1/2-1/2

[Event "GEO-AZE Women Match 2024"]
[Site "Tbilisi"]
[Date "2024.02.29"]
[Round "3.5"]
[White "Balajayeva, Khanim"]
[Black "Arabidze, Meri"]
[Result "1/2-1/2"]
[ECO "C66"]
[WhiteElo "2350"]
[BlackElo "2466"]
[Annotator "TA"]
[PlyCount "86"]
[EventDate "2024.02.26"]
[EventType "team-tourn"]
[EventCountry "GEO"]
[SourceTitle "playchess.com"]
[Source "ChessBase"]
[SourceQuality "1"]
[WhiteTeam "Azerbaijan"]
[BlackTeam "Georgia"]
[WhiteTeamCountry "AZE"]
[BlackTeamCountry "GEO"]
[TimeControl "40/5400+30:1800+30"]

1. e4 e5 2. Nf3 Nc6 3. Bb5 a6 4. Ba4 Nf6 5. O-O d6 6. c3 Bd7 7. Re1 g6 8. h3 Bg7 9. d4 O-O 10. Bc2 Nh5 11. Be3 Kh8 12. Nbd2 Qe8 13. Nc4 f5 14. exf5 Bxf5 15. dxe5 {[%emt 0:00:30] [#] Black must now prevent Bxf5.} (15. Bxf5 {with more complications.} gxf5 16. dxe5 Qf7 17. e6) 15... Bxc2 16. Qxc2 Rxf3 17. exd6 Rf7 18. dxc7 Rxc7 19. Nb6 $1 Rd8 (19... Rb8 $5) 20. Bg5 $1 Ne7 {[%emt 0:01:25] Threatens to win with ...h6.} 21. Qe4 $1 Nf6 22. Bxf6 Bxf6 {[%emt 0:00:03] [#]} 23. Nd5 $1 Nxd5 (23... Rxd5 24. Qxd5) 24. Qxe8+ Rxe8 25. Rxe8+ Kg7 26. Re6 Be7 27. g3 Kf7 28. Rae1 Bc5 29. Kg2 Nf6 30. R6e5 Bd6 31. R5e2 Bc5 32. Rd1 Nd7 33. f4 a5 34. g4 {[%emt 0:04:48] White is more active.} Nb6 35. Re4 Be7 36. f5 Nc4 37. b3 Nd6 38. fxg6+ hxg6 39. Rf4+ Kg7 40. c4 b6 41. Rfd4 Rc6 42. Re1 Nc8 43. Rd7 Kf8 $1 {[%emt 0:48:18] Weighted Error Value: White=0.06 (flawless) /Black=0.06 (flawless) .  Inaccurate:     	White=3     	Black=4      OK:         	White=11    	Black=14     Best:        	White=2     	Black=1      Strong:       	White=2     	Black=1      Brilliant:      	White=1     	---} 1/2-1/2

[Event "GEO-AZE Women Match 2024"]
[Site "Tbilisi"]
[Date "2024.03.01"]
[Round "4.1"]
[White "Javakhishvili, Lela"]
[Black "Mammadzada, Gunay"]
[Result "1-0"]
[ECO "D43"]
[WhiteElo "2433"]
[BlackElo "2449"]
[Annotator "TA"]
[PlyCount "59"]
[EventDate "2024.02.26"]
[EventType "team-tourn"]
[EventCountry "GEO"]
[SourceTitle "playchess.com"]
[Source "ChessBase"]
[SourceQuality "1"]
[WhiteTeam "Georgia"]
[BlackTeam "Azerbaijan"]
[WhiteTeamCountry "GEO"]
[BlackTeamCountry "AZE"]
[TimeControl "40/5400+30:1800+30"]

1. d4 d5 2. c4 c6 3. Nf3 Nf6 4. Qb3 e6 5. Bg5 Nbd7 6. Nc3 Be7 7. e3 h6 8. Bh4 O-O 9. Bd3 dxc4 {[%emt 0:15:35] The position is equal.} 10. Qxc4 a6 11. O-O Nd5 (11... c5 $11 {might be stronger.} 12. Bxf6 Bxf6 13. dxc5 Nxc5 14. Qxc5 Qxd3) 12. Bg3 $14 N7f6 13. Ne5 Nh5 14. Rac1 Nxg3 15. hxg3 Nxc3 16. Qxc3 Bf6 17. Ng4 {[%emt 0:06:56] White has more active pieces. The black rooks are passive.} Re8 18. f4 Be7 19. Bb1 Bf8 20. Kf2 a5 21. Qc2 f5 22. Ne5 $40 {[%emt 0:00:07][%mdl 128] White goes for the king.} a4 23. a3 Qd5 24. Qe2 b6 $2 {[%emt 0:03:26] [#]} (24... Bd6 25. Rfd1 Qa5) 25. Qh5 $18 (25. Nxc6 Bb7 26. Qc4 Qxc4 27. Rxc4 Ba6 $11) 25... Re7 {[%emt 0:00:03] Repels Qf7+} 26. g4 (26. Rxc6 Bb7 27. Rfc1 (27. Rxb6 $2 Qxg2+ 28. Ke1 Rc8 $19) 27... Rc8 28. Rxc8 Qxg2+ 29. Ke1 Bxc8 $16) (26. Nxc6 Rc7) 26... c5 27. gxf5 exf5 28. Bd3 {[%emt 0:02:02][%cal Bb1d3,Bd3c4,Bc4e6][%mdl 32] [#] Hoping for Bc4.} ({Worse is} 28. Bxf5 Bxf5 29. Qxf5 cxd4 $11) 28... Be6 (28... cxd4 $2 {perishes.} 29. Bc4 dxe3+ 30. Kxe3 $18) (28... Ba6 {was necessary.}) 29. Bc4 (29. Bxf5 Bxf5 30. Qxf5 cxd4 $11) 29... Qe4 (29... Qb7 30. Qxf5 Bxc4 31. Rxc4 Qd5) 30. Bxe6+ {[%emt 0:00:21] Weighted Error Value: White=0.19 (very precise) /Black=0.31.  Mistake:       	---       	Black=4      Inaccurate:     	White=2     	Black=3      OK:         	White=11    	Black=4      Best:        	White=1     	---} 1-0

[Event "GEO-AZE Women Match 2024"]
[Site "Tbilisi"]
[Date "2024.03.01"]
[Round "4.2"]
[White "Melia, Salome"]
[Black "Fataliyeva, Ulviyya"]
[Result "1/2-1/2"]
[ECO "C88"]
[WhiteElo "2355"]
[BlackElo "2384"]
[Annotator "TA"]
[PlyCount "90"]
[EventDate "2024.02.26"]
[EventType "team-tourn"]
[EventCountry "GEO"]
[SourceTitle "playchess.com"]
[Source "ChessBase"]
[SourceQuality "1"]
[WhiteTeam "Georgia"]
[BlackTeam "Azerbaijan"]
[WhiteTeamCountry "GEO"]
[BlackTeamCountry "AZE"]
[TimeControl "40/5400+30:1800+30"]

1. e4 e5 2. Nf3 Nc6 3. Bb5 a6 4. Ba4 Nf6 5. O-O Be7 6. Re1 b5 7. Bb3 O-O 8. h3 Bb7 9. d3 d5 10. exd5 Nxd5 11. a4 b4 {[%emt 0:03:10] White has an edge.} 12. a5 Bc5 13. Nbd2 Nd4 14. Nxd4 Bxd4 15. Nf3 Nf4 16. Bxf4 (16. Nxe5 $2 {perishes.} Nxg2 17. Re2 Nh4 $19) 16... exf4 17. Nxd4 Qxd4 18. Qh5 {[%emt 0:06:16] aiming for Re7.} (18. Qe2 {simplifies} Qd6 19. f3 Bd5 20. Bxd5 Qxd5 21. Qe5) 18... Qxb2 19. Qe5 Qxe5 20. Rxe5 f3 {[%emt 0:10:26] [#]} 21. gxf3 (21. g4 $1 $16) 21... Bxf3 $14 22. Rf5 Bc6 23. Rc5 Bd7 24. Rxc7 Bxh3 25. Re1 {[%emt 0:06:04] Inhibits Be6. White is more active.} (25. Ra4 $1 $14) 25... Be6 $11 {[%emt 0:00:23] The position is equal.} 26. Bxe6 fxe6 27. Rxe6 {[%emt 0:00:04][%mdl 4096] Endgame. KRR-KRR} Rf5 28. Rb6 Rg5+ 29. Kf1 Rxa5 30. Rxb4 Rg5 {[%emt 0:02:33] Prevents Rg4.} 31. Ra4 h5 32. d4 a5 33. Rc3 Rf5 34. Rd3 g5 35. d5 Kf7 36. c4 Rf4 37. d6 Ke8 38. Rd5 Kd7 39. Rxg5 Raf8 40. Ra2 Kxd6 41. Rxh5 (41. Raxa5 Rxc4 42. Ra2 (42. Rxh5 Rc2 $11) 42... Ke7) 41... a4 42. Ra5 Rxc4 43. R5xa4 Rxa4 44. Rxa4 Ke5 45. Ra3 Kf4 {[%emt 0:00:29] Weighted Error Value: White=0.08 (flawless) /Black=0.08 (flawless) .  Mistake:       	White=2     	---        Inaccurate:     	White=1     	Black=4      OK:         	White=17    	Black=15     Best:        	---       	Black=1} 1/2-1/2

[Event "GEO-AZE Women Match 2024"]
[Site "Tbilisi"]
[Date "2024.03.01"]
[Round "4.3"]
[White "Khotenashvili, Bella"]
[Black "Beydullayeva, Govhar"]
[Result "0-1"]
[ECO "A28"]
[WhiteElo "2467"]
[BlackElo "2374"]
[Annotator "TA"]
[PlyCount "72"]
[EventDate "2024.02.26"]
[EventType "team-tourn"]
[EventCountry "GEO"]
[SourceTitle "playchess.com"]
[Source "ChessBase"]
[SourceQuality "1"]
[WhiteTeam "Georgia"]
[BlackTeam "Azerbaijan"]
[WhiteTeamCountry "GEO"]
[BlackTeamCountry "AZE"]
[TimeControl "40/5400+30:1800+30"]

1. c4 Nf6 2. Nc3 e5 3. Nf3 Nc6 4. e3 Bb4 5. Qc2 Bxc3 6. bxc3 e4 7. Ng5 Qe7 8. f3 exf3 {[%emt 0:01:43] The position is equal.} 9. Nxf3 d6 10. Be2 Bg4 11. Rb1 b6 12. O-O O-O 13. d3 d5 14. d4 dxc4 15. Bxc4 {[%emt 0:01:46] aiming for Ng5.} Bh5 16. Bd3 Bg6 {[%emt 0:01:35] Prevents e4.} 17. Ng5 (17. Bxg6 {simplifies} fxg6 18. Qb3+ Kh8 19. c4) 17... Rae8 (17... h6 $11 18. Bxg6 fxg6) 18. Bxg6 $14 fxg6 19. Rf3 (19. e4 $1 $14 Na5 (19... Nxe4 20. Qb3+ Kh8 21. Rf7 $16) 20. e5) 19... Na5 $1 $15 20. Rb5 {[%emt 0:00:12] [#]} (20. a4 $1 $11 {keeps the balance.}) 20... c5 $1 $17 21. Ba3 $2 {[%emt 0:01:51][%mdl 8192] Loses the game.} (21. dxc5 $15 a6 22. Rb4 (22. Rxb6 $2 {perishes.} Qxc5 23. Rbxf6 gxf6 $19)) 21... Nd5 22. Rxf8+ $2 (22. h4 {only move.} Nc4 (22... Nxe3 $2 23. Qd3 $19) (22... Rxf3 $2 23. Nxf3 Qxe3+ 24. Kh1 $19) 23. Bc1) 22... Rxf8 $19 {[%emt 0:00:29] Black is clearly winning.} 23. Qe4 Qxg5 24. Bxc5 bxc5 25. Qe6+ Kh8 {[%emt 0:00:31][%cal Od5e3] ( -> ...Nxe3!)} 26. h4 Qxe3+ 27. Qxe3 Nxe3 28. Rxa5 cxd4 29. cxd4 {[%emt 0:00:01][%mdl 4096] Endgame. KRN-KR} Rf1+ 30. Kh2 Rf7 31. Kh3 h5 32. Re5 Ng4 33. Re6 Kh7 34. d5 Rd7 35. d6 Nf6 36. Kg3 {[%emt 0:00:49] [#]} Rxd6 $3 {[%emt 0:00:21][%mdl 512] Weighted Error Value: White=1.29/Black=0.89.  Loses game:     	White=1     	---        Mistake:       	White=3     	Black=1      Inaccurate:     	White=2     	Black=3      OK:         	White=3     	Black=8      Best:        	White=2     	---        Strong:       	---       	Black=2} 0-1

[Event "GEO-AZE Women Match 2024"]
[Site "Tbilisi"]
[Date "2024.03.01"]
[Round "4.4"]
[White "Arabidze, Meri"]
[Black "Mammadova, Gulnar"]
[Result "1/2-1/2"]
[ECO "E49"]
[WhiteElo "2466"]
[BlackElo "2351"]
[Annotator "TA"]
[PlyCount "123"]
[EventDate "2024.02.26"]
[EventType "team-tourn"]
[EventCountry "GEO"]
[SourceTitle "playchess.com"]
[Source "ChessBase"]
[SourceQuality "1"]
[WhiteTeam "Georgia"]
[BlackTeam "Azerbaijan"]
[WhiteTeamCountry "GEO"]
[BlackTeamCountry "AZE"]
[TimeControl "40/5400+30:1800+30"]

1. d4 Nf6 2. c4 e6 3. Nc3 Bb4 4. e3 O-O 5. Bd3 d5 6. a3 Bxc3+ 7. bxc3 dxc4 8. Bxc4 c5 9. Ne2 Qc7 10. Bd3 Nc6 11. f4 {[%emt 0:01:02] E49: Nimzo-Indian: Rubinstein: 5 Bd3 d5 6 a3 Bxc3+ 7 bxc3.} b6 12. O-O Rd8 13. Ng3 Bb7 14. Qe2 Rac8 15. Bb2 Na5 16. Rac1 Nb3 $146 ({Predecessor:} 16... Qe7 17. h3 a6 18. Kh2 b5 19. e4 Nc4 20. Ba1 Ne8 21. f5 Qg5 22. Rce1 Nc7 {0-1 Salem,A (2644)-Nepomniachtchi,I (2766) Wch Rapid Almaty 2022 (4)}) 17. Rcd1 cxd4 18. cxd4 g6 19. h3 Nd5 20. Qf2 f5 $1 21. e4 fxe4 (21... Nc3 $11 {keeps the balance.}) 22. Nxe4 $16 Rf8 23. g3 $1 Qc6 24. Kh2 Na5 25. Rde1 Nc4 26. Bxc4 Qxc4 27. Nd6 Qd3 28. Rd1 (28. Nxb7 $2 Rc2 29. Rc1 Rxf2+ 30. Rxf2 h5 $19) (28. Nxc8 $14 Rxc8 29. Rc1 (29. Rxe6 $2 Rc2 $19)) 28... Qb3 $1 $11 29. Nxc8 (29. Nxb7 $2 {too greedy.} Ne3 30. Rd2 Nxf1+ 31. Qxf1 Rc2 $19) (29. Rfe1 $11 Rc2 30. Rd2 Rxd2 31. Qxd2) 29... Ne3 $1 $15 30. Ne7+ Kf7 31. f5 (31. Rd2 $1 $15 Nxf1+ (31... Kxe7 32. Rc1 $16) 32. Qxf1 Kxe7 33. g4) 31... Kxe7 $17 32. f6+ Kf7 33. Rd2 Nxf1+ 34. Qxf1 {[%emt 0:00:00] [#]} Rc8 $1 35. d5 Bxd5 ({Weaker is} 35... exd5 36. Qf2 $11) 36. Qe2 Rc7 37. g4 {[%emt 0:00:00] [#]} h6 $1 38. Qf2 Qc4 39. Qg3 Rd7 40. Kg1 Qe4 41. Kf2 g5 42. Re2 Qf4+ (42... Qc4 $17 43. Rd2 Rc7) 43. Qxf4 $11 gxf4 44. Be5 f3 45. Rd2 b5 46. h4 a5 47. Kg3 b4 48. axb4 axb4 49. Rc2 b3 50. Rc8 Rb7 51. Bb2 (51. Rc1 $11) 51... Ra7 (51... e5 $1 $15 52. Rd8 Be6) 52. g5 hxg5 53. hxg5 e5 54. Rc5 Rd7 55. Bxe5 Kg6 56. Bb2 Be4 57. Re5 Bb7 58. Re7 Rxe7 59. fxe7 Bc6 60. Bf6 Kf5 61. e8=Q Bxe8 62. Kxf3 1/2-1/2

[Event "GEO-AZE Women Match 2024"]
[Site "Tbilisi"]
[Date "2024.03.01"]
[Round "4.5"]
[White "Batsiashvili, Nino"]
[Black "Balajayeva, Khanim"]
[Result "1/2-1/2"]
[ECO "C50"]
[WhiteElo "2451"]
[BlackElo "2350"]
[Annotator "TA"]
[PlyCount "34"]
[EventDate "2024.02.26"]
[EventType "team-tourn"]
[EventCountry "GEO"]
[SourceTitle "playchess.com"]
[Source "ChessBase"]
[SourceQuality "1"]
[WhiteTeam "Georgia"]
[BlackTeam "Azerbaijan"]
[WhiteTeamCountry "GEO"]
[BlackTeamCountry "AZE"]
[TimeControl "40/5400+30:1800+30"]

1. e4 e5 2. Nf3 Nc6 3. Bc4 Nf6 4. d3 Bc5 5. Nc3 h6 6. h3 {[%emt 0:00:20] The position is equal.} a6 7. Be3 Bxe3 8. fxe3 d6 9. a4 Be6 10. Nd2 O-O 11. O-O Qe7 12. Rf3 Bxc4 13. Nxc4 Qe6 14. Qf1 Ne7 15. a5 Nh7 16. Qe2 f5 17. Raf1 Ng5 {[%emt 0:05:36] Not much happened in this game.   Weighted Error Value: White=0.07 (flawless) /Black=0.05 (flawless) .  Inaccurate:     	White=2     	Black=1      OK:         	White=4     	Black=4} 1/2-1/2

[Event "GEO-AZE Women Match 2024"]
[Site "Tbilisi"]
[Date "2024.03.02"]
[Round "5.1"]
[White "Mammadzada, Gunay"]
[Black "Melia, Salome"]
[Result "1-0"]
[ECO "E11"]
[WhiteElo "2449"]
[BlackElo "2355"]
[Annotator "TA"]
[PlyCount "119"]
[EventDate "2024.02.26"]
[EventType "team-tourn"]
[EventCountry "GEO"]
[SourceTitle "playchess.com"]
[Source "ChessBase"]
[SourceQuality "1"]
[WhiteTeam "Azerbaijan"]
[BlackTeam "Georgia"]
[WhiteTeamCountry "AZE"]
[BlackTeamCountry "GEO"]
[TimeControl "40/5400+30:1800+30"]

1. d4 Nf6 2. c4 e6 3. g3 d5 4. Bg2 Bb4+ 5. Bd2 a5 6. Nf3 O-O 7. a3 Be7 8. Qc2 c6 9. O-O Nbd7 10. Bf4 {[%emt 0:02:49] E11: Bogo-Indian.} b6 11. cxd5 cxd5 12. Nc3 Ba6 13. a4 Rc8 14. Qb3 $146 ({Predecessor:} 14. Qd1 Rc4 15. Rc1 Qa8 16. b3 Rc6 17. Nb5 Rxc1 18. Qxc1 Rc8 19. Qb2 Bxb5 20. axb5 {½-½ Andreikin,D (2729)-Le,Q (2709) Chess.com Rapid Wk16 Swiss 2022 (7)}) 14... Bc4 15. Qd1 Bb4 16. Nb5 Bxb5 17. axb5 Ne4 18. Qd3 Bd6 19. Bxd6 Nxd6 20. Rfc1 h6 21. e3 Qe7 22. Bf1 Ne4 23. Rc6 Qf6 24. Qe2 g5 25. Rac1 Rcd8 26. Ne1 Qe7 27. Bg2 Nd6 28. Nf3 Nb8 29. Rc7 Rd7 30. R7c2 f6 $1 31. Nd2 Kg7 32. f3 f5 33. h3 f4 34. exf4 gxf4 35. g4 Qf6 36. Qd3 $1 e5 (36... Re7 $11) 37. dxe5 $16 Qxe5 38. Nb3 Nc4 39. Nd4 (39. Qd4 {simplifies} Qf6 40. h4 Re7 41. Qxf6+ Rxf6 42. Nd4) 39... Ne3 40. Rc3 (40. Rc8 $16 {Rxf8 is the strong threat.} Rdf7 41. h4 Rxc8 42. Rxc8) 40... Re7 {[%emt 0:00:00] [#]} (40... Rf6 $14) 41. Bf1 ({White should try} 41. h4 $1 $16) 41... Qf6 ({Better is} 41... h5 $14) 42. Qd2 (42. Rc8 $16) 42... Qh4 $14 43. Qf2 Qf6 $1 44. Rc7 {[%emt 0:04:09] [#]} (44. Rd3 $11) 44... Rff7 (44... Rxc7 $1 $17 45. Rxc7+ Rf7 46. Rxf7+ Kxf7) 45. Rxe7 $14 Rxe7 46. Qd2 $1 Nd7 47. Rc6 Qe5 $2 ({Black should play} 47... Qh4 $14) 48. Qd3 $18 Nf8 49. Rxb6 Rf7 (49... Rc7 $142) 50. Qc3 $18 Kg8 51. Rxh6 Nd1 52. Qd2 (52. Qxa5 Qxd4+ 53. Kh1 Qf2 (53... Qxb2 $2 54. Qe1 $19) 54. Qb6 Qxf1+ 55. Qg1 Qxf3+ (55... Nf2+ $2 56. Kh2 $19) 56. Qg2 Qxg2+ 57. Kxg2 f3+ (57... Nxb2 $2 58. Kf3 $19) 58. Kh2 f2 (58... Nxb2 $2 59. Rc6 $19) 59. Rh5 f1=Q (59... f1=R 60. Rg5+ Kh7 61. Rh5+ Kg7 62. Rf5 R1xf5 63. gxf5 Nxb2 64. Kg3 d4 65. Kf4 d3 66. Ke3 Re7+ 67. Kd2 Re2+ 68. Kc3 d2 69. Kb4 d1=Q 70. f6+ Kxf6 71. Kc5 Qg1+ 72. Kc6 Re6+ 73. Kb7 Qb6+ 74. Kc8 Re8#) 60. Rg5+ Kh8 61. Rh5+ Nh7 62. Rf5 Rxf5 (62... Qe2+ {is a self mate.} 63. Kg3 Rxf5 64. gxf5 Ne3 65. Kf4 Nxf5 66. Kxf5 Qe4#) 63. gxf5 Qf2+ (63... Qxb5 {leads to mate.} 64. h4 Qe2+ 65. Kg3 Ne3 66. Kf4 Nxf5 67. Kxf5 Qe4#) 64. Kh1 Ne3 65. b6 Qg2#) (52. Rh5 Qxh5 53. Qe1 (53. gxh5 $2 Nxc3 54. bxc3 a4 $19) 53... Qh8 54. Qxd1 Rd7 $14) 52... Ne3 53. b6 Rb7 54. Ba6 Rb8 55. b7 Qg7 56. Nf5 Qg5 57. h4 Qd8 58. Nxe3 fxe3 59. Qxe3 Qc7 60. Qg5+ 1-0